AoeStats
← uyg.games

Arabia

503530459Analyzed
1v1 RM · 1mo ago on Sep 1, 2026· 29m 29s· 2 players
Game mode
Random Map
Map size
Tiny (2 player)
Population
200
Speed
Normal
Resources
Standard
Victory
Conquest
Starting age
Dark Age
Ending age
Imperial Age
RankedLock teamsTeams togetherTeam positionsShared explorationLock speedFull tech treeHidden civsTurbo modeCheats
Victory
Defeat
🇺🇸 Goths · United States
1212
+16
🇨🇴 Saracens · Colombia
1216
-16
uyg.games
0:40 Loom
11:26 Feudal Age
12:17 Man-at-Arms
24:09 Castle Age
23:40 Forging
23:36 Scale Barding Armor
24:39 Bloodlines
alejomer
6:25 Loom
8:57 Feudal Age
10:25 Town Watch
12:35 Wheelbarrow
28:20 Castle Age
27:27 Forging
27:17 Scale Mail Armor
28:50 Fletching
29:00 Padded Archer Armor
Connection lost

Rejoining the realm…

Still unreachable

The connection could not be restored.

Session expired

The server has moved on; the page needs a fresh start.